 Dungeon Crawl Stone Soup version 0.25-b1-37-g2669288c55 (webtiles) character file.

Game seed: 4559473011080287757

139 Delamore the Cudgeler (level 5, -4/32 HPs)
             Began as a Gargoyle Fighter on June 4, 2020.
             Slain by an ogre
             ... wielding a +0 giant club
              (9 damage)
             ... on level 4 of the Dungeon.
             The game lasted 00:02:43 (1394 turns).

Delamore the Cudgeler (Gargoyle Fighter)            Turns: 1394, Time: 00:02:44

Health: -4/32      AC: 10    Str: 21    XL:     5   Next: 22%
Magic:  5/5        EV:  7    Int:  8    God:
Gold:   97         SH:  9    Dex:  9    Spells: 4/4 levels left

rFire    . . .     SeeInvis +   a - +0 flail
rCold    . . .     Gourm    .   c - +0 kite shield
rNeg     + . .     Faith    .   b - +0 scale mail
rPois    ∞         Spirit   .   (no helmet)
rElec    +         Reflect  .   (no cloak)
rCorr    .         Harm     .   (no gloves)
MR       .....                  (no boots)
Stlth    ..........             j - amulet of the acrobat
HPRegen  0.10/turn              (no ring)
MPRegen  0.09/turn              q - ring of see invisible

@: mighty
A: negative energy resistance 1, electricity resistance, unbreathing,
petrification resistance, rot immunity, AC +4
a: no special abilities


You were on level 4 of the Dungeon.
You were not hungry.

You visited 1 branch of the dungeon, and saw 3 of its levels.

You collected 97 gold pieces.

Inventory:

Hand Weapons
 a - a +0 flail (weapon)
Armour
 b - a +0 scale mail (worn)
 c - a +0 kite shield (worn)
Jewellery
 j - an amulet of the acrobat (around neck)
 n - an uncursed amulet of magic regeneration {unknown}
 q - a ring of see invisible (right hand)
Scrolls
 e - a scroll of teleportation {unknown}
 g - a scroll of random uselessness {unknown}
 h - a scroll of blinking {unknown}
 k - a scroll of noise {unknown}
 l - a scroll of fear {unknown}
 o - a scroll of amnesia {unknown}
 r - a scroll of identify {unknown}
Potions
 i - a potion of magic {unknown}
 m - a potion of stabbing {unknown}
Comestibles
 f - 3 rations
 p - 2 chunks of flesh


   Skills:
 - Level 3.2 Fighting
 + Level 5.2 Maces & Flails
 - Level 3.2 Armour
 - Level 3.2 Shields


You had 4 spell levels left.
You didn't know any spells.
Your spell library was empty.

Dungeon Overview and Level Annotations

Branches:
Dungeon (4/15)
 Temple: D:4-7

Altars:


Innate Abilities, Weirdness & Mutations

You are resistant to torment.
Your stone body is resilient. (AC +4)
You are immune to poison.
You resist negative energy. (rN+)
You are resistant to electric shocks. (rElec)
You can survive without breathing.
You are immune to petrification.
You are immune to rotting.


Message History

You block the ogre's attack.
The phantom blinks!
The gnoll hits you.
The gnoll hits you from afar with a +0 spear.
The scorpion barely misses you. The gnoll hits you with a +0 club.
Unknown command.
You hit the ogre but do no damage.
The phantom blinks!
The ogre barely misses you. The gnoll hits you. You block the gnoll's attack.
The scorpion stings you.
You thump the ogre!
The ogre is moderately wounded.
The gnoll barely misses you. You block the gnoll's attack.
The scorpion stings you.
* * * LOW HITPOINT WARNING * * *
You block the ogre's attack. You block the gnoll's attack.
You feel very mighty all of a sudden. You block the gnoll's attack.
The gnoll hits you from afar with a +0 spear.
* * * LOW HITPOINT WARNING * * *
The scorpion barely misses you. You block the gnoll's attack.
The ogre hits you with a +0 giant club!
You die...

.> ..........O... ..#
............. #.#
.......###### #.#
#.....# #######.#
#.....# #.......#
#.....###
#...§g..#####.......####
#.....ggO(..'...........
#.?W..s@#####.........#.
......### ###.......#.
..... #.......#. ....
#.......#. ...
#....$###. .. ####### ##
# ## #.


You could see a phantom, an ogre, a scorpion and 3 gnolls.

Vanquished Creatures
  A bullfrog skeleton (D:4)
  A worker ant (D:4)
  A hound skeleton (D:4)
  A gnoll (D:4)
  An adder (D:2)
  An ooze (D:1)
  2 worms (D:2)
  A dart slug (D:1)
  A leopard gecko (D:1)
  An orc (D:4)
  8 bats
  3 giant cockroaches
  5 goblins
  A hobgoblin (D:1)
  3 jackals (D:4)
  4 kobolds (D:1)
  A quokka (D:2)
  3 frilled lizards
  6 rats
45 creatures vanquished.

Notes
Turn   | Place    | Note
-------+----------+-------------------------------------------
     0 | D:1      | Delamore the Gargoyle Fighter began the quest for the Orb.
     0 | D:1      | Reached XP level 1. HP: 14/14 MP: 1/1
   100 | D:1      | Reached XP level 2. HP: 19/19 MP: 2/2
   161 | D:1      | Reached skill level 3 in Maces & Flails
   311 | D:1      | Reached XP level 3. HP: 23/23 MP: 3/3
  1121 | D:2      | Reached skill level 4 in Maces & Flails
  1202 | D:2      | You fall into a shaft and drop 2 floors!
  1272 | D:4      | Reached XP level 4. HP: 25/28 MP: 4/4
  1315 | D:4      | Reached skill level 5 in Maces & Flails
  1315 | D:4      | Reached XP level 5. HP: 24/32 MP: 5/5
  1356 | D:4      | Noticed an ogre
  1366 | D:4      | Noticed a phantom
  1394 | D:4      | Slain by an ogre

Illustrated notes

Levels and vault maps discovered:
D:1:      erik_arrival_blinker_ship, layout_basic
D:2:      layout_rooms, first_ration, chequers_jeans
D:4:      layout_basic, portal_sewer_entry_b, kennysheep_generic_room_13,
          uniq_duvessa

Skill      XL: |  1  2  3  4 |
---------------+-------------+-----
Maces & Flails | 3 4 5 |  5.2
Fighting       | |  3.2
Armour         | |  3.2
Shields        | |  3.2

Action                   |  1- 3 |  4- 6 || total
-------------------------+-------+-------++-------
Melee: Flail             |   156 |    36 ||   192
  Use: Scroll            |     2 |       ||     2
       Potion            |       |     1 ||     1
  Eat: Chunk             |     1 |     1 ||     2
Armor: Scale mail        |    93 |    46 ||   139
Dodge: Dodged            |    50 |    35 ||    85
Block: Kite shield       |   107 |    47 ||   154
